 Dungeon Crawl Stone Soup version 0.31-a0-66-ge618eeaa78 (webtiles) character file.

Game seed: 10978215841521037033

3374 lunkers the Geomancer (level 10, 0/71 HPs)
             Began as a Meteoran Wanderer on May 22, 2023.
             Was a Believer of Vehumet.
             Slain by a killer bee (5 damage)
             ... on level 8 of the Dungeon.
             The game lasted 00:14:34 (3698 turns).

lunkers the Geomancer (Meteoran Wanderer)           Turns: 3698, Time: 00:14:35

Health: 0/71       AC:  5    Str: 13    XL:     10   Next: 47%
Magic:  5/23       EV: 11    Int: 24    God:    Vehumet [**....]
Gold:   325        SH:  5    Dex: 16    Spells: 15/26 levels left

rFire   . . .        p - +7 sling of Plague {freeze, Dex+4}
rCold   . . .        b - +0 buckler
rNeg    . . .        c - +0 robe
rPois   .            o - +1 helmet {Int+3}
rElec   .            n - +0 cloak
rCorr   +            (no gloves)
SInv    +            (no boots)
Will    +....        r - amulet of regeneration
Stlth   +            i - ring of resist corrosion
HPRegen 1.11/turn    t - ring of see invisible
MPRegen 0.18/turn

%: no passive effects
@: lethally poisoned (0 -> -8), glowing
A: sense surroundings 2, otherworldly, glowing, explore regen
a: Renounce Religion


You were on level 8 of the Dungeon.
You worshipped Vehumet.
Vehumet was pleased with you.
You visited 2 branches of the dungeon, and saw 9 of its levels.

You collected 325 gold pieces.

Inventory:

Hand Weapons
 a - a +0 dagger
 p - the +7 sling of Plague (weapon) {freeze, Dex+4}
   (You found it on level 5 of the Dungeon)

   Dex:       It affects your dexterity (+4).
 s - a +2 dagger of speed
 z - a +0 orcbow
Missiles
 l - 2 throwing nets
Armour
 b - a +0 buckler (worn)
 c - a +0 robe (worn)
 n - a +0 cloak (worn)
 o - a +1 helmet of intelligence (worn)
Jewellery
 i - a ring of resist corrosion (left hand)
 r - an amulet of regeneration (around neck)
 t - a ring of see invisible (right hand)
 x - an amulet of guardian spirit
Scrolls
 d - 2 scrolls of fog
 k - a scroll of immolation
 A - a scroll of summoning
Potions
 e - a potion of haste
 f - a potion of enlightenment
 g - a potion of brilliance {unknown}
 h - a potion of mutation
 j - a potion of curing {unknown}
 m - 2 potions of heal wounds {unknown}
 q - 2 potions of berserk rage
 u - a potion of might {unknown}
 v - 2 potions of lignification
 w - 2 potions of attraction {unknown}


   Skills:
 - Level 1.3 Fighting
 - Level 1.2 Throwing
 - Level 1.2 Dodging
 - Level 1.0 Stealth
 - Level 2.4 Shields
 + Level 8.8 Spellcasting
 * Level 9.6 Conjurations
 + Level 10.5 Earth Magic
 - Level 1.2 Invocations


You had 15 spell levels left.
You knew the following spells:

 Your Spells              Type           Power      Damage    Failure   Level
b - Stone Arrow           Conj/Erth      100%       3d13      1%          3
d - Lee's Rapid Deconstr  Erth           28%        3d15*     3%          5
p - Sandblast             Erth           100%       2d20      1%          1
q - Passwall              Tmut/Erth      25%        N/A       2%          2

Your spell library contained the following spells:

 Spells                   Type           Power      Damage    Failure   Level
 Foxfire                  Conj/Fire      100%       2x1d9     1%          1
 Momentum Strike          Conj/Tloc      56%        3d9       2%          2
 Beastly Appendage        Tmut           20%        N/A       9%          1
 Blink                    Tloc           20%        N/A       12%         2
 Lesser Beckoning         Tloc           20%        N/A       12%         2
 Wereblood                Tmut           10%        N/A       12%         2
 Leda's Liquefaction      Hex/Erth       15%        N/A       14%         4
 Petrify                  Tmut/Erth      30%        N/A       14%         4
 Fulminant Prism          Conj/Hex       14%        3d9       17%         4
 Iskenderun's Mystic Bla  Conj/Tloc      28%        2d7       17%         4
 Call Canine Familiar     Summ           10%        N/A       24%         3
 Portal Projectile        Hex/Tloc       10%        N/A       36%         3
 Spider Form              Tmut/Pois      5%         N/A       36%         3
 Volatile Blastmotes      Fire/Tloc      10%        2d10      36%         3


Dungeon Overview and Level Annotations

Branches:
Dungeon (8/15) Zot: 1021   Temple (1/1) D:4 Zot: 519
   Lair: D:8-11

Altars:
Ashenzari
Cheibriados
Dithmenos
Gozag
Hepliaklqana
Kikubaaqudgha
Makhleb
Nemelex Xobeh
Okawaru
Qazlal
Trog
Vehumet
Wu Jian
Xom
Yredelemnul

Annotations:
D:5 2 runed translucent doors


Innate Abilities, Weirdness & Mutations

You passively map the area around you.
You are easily found by Zot.
You glow in the dark.
You regain HP and MP as you explore.


Message History

The killer bee stings you!
* * * LOW HITPOINT WARNING * * *
You are more poisoned.
The killer bee poisons you! The killer bee barely misses you.
The killer bee stings you.
* * * LOW HITPOINT WARNING * * *
The killer bee stings you!
* * * LOW HITPOINT WARNING * * *
You are more poisoned.
The killer bee poisons you!
Unknown command.
Unknown command.
Casting: Lee's Rapid Deconstruction (dangerous; 3% risk of failure)
Confirm with . or Enter, or press ? or * to list all spells.
Okay, then.
Casting: Lee's Rapid Deconstruction (dangerous; 3% risk of failure)
Confirm with . or Enter, or press ? or * to list all spells.
Aiming: Passwall (safe; 2% risk of failure)
Press: ? - help, Dir - move target A rock wall.
* * * LOW MAGIC WARNING * * *
You feel very sick. The killer bee closely misses you.
The killer bee barely misses you. The killer bee stings you.
* * * LOW HITPOINT WARNING * * *
The killer bee stings you.
* * * LOW HITPOINT WARNING * * *
You are lethally poisoned!
The killer bee poisons you!
You begin to meditate on the wall.
You continue meditating on the rock.
* * * LOW HITPOINT WARNING * * *
You feel very sick.
The killer bee stings you but does no damage.
The killer bee closely misses you. You block the killer bee's attack.
The killer bee stings you but does no damage.
You continue meditating on the rock.
* * * LOW HITPOINT WARNING * * *
You feel very sick. The killer bee stings you.
You die...

, . , * * .., * ..? ,
.... , ####.y... *
###### ##y....o.., ,
##....# #..##..... ,,,
####### #..######o##*
,..., , ......#
##.#####@y.# . *
......###..#....y### * *
......##..##.....# ,*
......##.###.?...# *
.................#####
**
.........###.........#.
, ..##.#####
#........... ,, *
#.##.### ##.).........,
,
#.##...####).).).......,
,, ,,


You could see 2 killer bees and an orc.

Vanquished Creatures
  Grinder (D:3)
  A shadow (D:6)
  Menkaure (D:7)
  2 ice beasts
  5 orc warriors
  2 sky beasts (D:6)
  A black bear (D:6)
  2 ogres
  A phantom (D:7)
  A centaur (D:7)
  A kobold brigand (D:7)
  3 bullfrogs (D:8)
  2 necrophages (D:4)
  A wight (D:4)
  3 killer bees (D:8)
  A howler monkey (D:5)
  2 hounds (D:5)
  A human zombie (D:4)
  3 jellies (D:6)
  6 orc priests
  Jessica (D:3)
  4 iguanas
  A scorpion zombie (D:4)
  3 sleepcaps
  10 orc wizards
  2 hound zombies (D:4)
  2 mummies (D:4)
  A gnoll (D:2)
  4 adders
  A shadow imp (D:6)
  2 white imps
  3 adder zombies (D:4)
  A worm (D:2)
  27 orcs
  7 ball pythons
  5 bats
  7 endoplasms
  3 giant cockroaches
  6 hobgoblins
  3 jackals (D:3)
  7 kobolds
  2 quokkas
  A frilled lizard (D:1)
  8 goblins
  3 rats (D:1)
154 creatures vanquished.

Notes
Turn   | Place    | Note
-------+----------+-------------------------------------------
     0 | D:1      | lunkers the Meteoran Wanderer began the quest for the Orb.
     0 | D:1      | lunkers set off with the following items: a +0 dagger, a +0
                  | buckler, a +0 robe, a scroll of fog; and the following
                  | spell memorised: Sandblast; and the following spells
                  | available to memorise: Passwall, Petrify.
     0 | D:1      | Reached XP level 1. HP: 16/16 MP: 3/3
   131 | D:1      | Reached XP level 2. HP: 6/23 MP: 0/5
   136 | D:1      | Reached skill level 3 in Earth Magic
   402 | D:1      | Reached XP level 3. HP: 28/28 MP: 4/6
   405 | D:1      | Learned a level 2 spell: Passwall
   430 | D:2      | Reached skill level 4 in Earth Magic
   746 | D:2      | Reached XP level 4. HP: 35/35 MP: 1/7
   934 | D:3      | Noticed Jessica
   935 | D:3      | Killed Jessica
   936 | D:3      | Reached skill level 5 in Earth Magic
   936 | D:3      | Reached XP level 5. HP: 40/40 MP: 3/9
   937 | D:3      | Noticed Grinder
   970 | D:3      | Killed Grinder
   971 | D:3      | Reached skill level 6 in Earth Magic
   971 | D:3      | Reached XP level 6. HP: 45/47 MP: 0/12
  1021 | D:3      | Reached XP level 7. HP: 40/52 MP: 9/13
  1029 | D:3      | Reached skill level 7 in Earth Magic
  1404 | D:4      | Reached skill level 5 in Spellcasting
  1404 | D:4      | Reached skill level 8 in Earth Magic
  1420 | D:4      | Identified the +0 robe "Siac" {-Cast Harm rC++ rN+}
  1448 | D:4      | Reached XP level 8. HP: 43/59 MP: 11/17
  1452 | D:4      | Learned a level 3 spell: Stone Arrow
  1482 | D:4      | Reached skill level 1 in Conjurations
  1502 | D:4      | Found an ancient bone altar of Kikubaaqudgha.
  1596 | D:4      | Found a staircase to the Ecumenical Temple.
  1633 | Temple   | Entered the Ecumenical Temple
  1684 | Temple   | Learned a level 5 spell: Lee's Rapid Deconstruction
  1704 | Temple   | Became a worshipper of Vehumet
  2127 | D:5      | Entered Level 5 of the Dungeon
  2139 | D:5      | Gained mutation: You passively map the area around you.
                  | [Meteoran growth]
  2139 | D:5      | Reached XP level 9. HP: 42/64 MP: 10/19
  2142 | D:5      | Identified the +7 sling of Plague {freeze, Dex+4}
  2170 | D:5      | Reached skill level 5 in Conjurations
  2175 | D:5      | Found a large runed translucent door.
  2176 | D:5      | Found a large runed translucent door.
  2535 | D:5      | Reached skill level 9 in Earth Magic
  2640 | D:6      | Found a bloodstained altar of Trog.
  2648 | D:6      | Reached * piety under Vehumet
  2648 | D:6      | Offered knowledge of Magic Dart by Vehumet.
  3206 | D:7      | Reached XP level 10. HP: 71/71 MP: 19/22
  3463 | D:7      | Noticed Menkaure
  3470 | D:7      | Killed Menkaure
  3471 | D:7      | Reached skill level 10 in Earth Magic
  3480 | D:8      | Reached ** piety under Vehumet
  3485 | D:8      | Offered knowledge of Foxfire by Vehumet.
  3698 | D:8      | Slain by a killer bee

Illustrated notes

Levels and vault maps discovered:
D:1:      dpeg_arrival_three_bigger_balls, layout_basic
D:2:      layout_basic, minmay_diced_spiral
D:3:      layout_basic, mainiacjoe_overflow_big_doors,
          hangedman_abyss_or_decor_lesser_grid, uniq_grinder, uniq_jessica
D:4:      layout_layer_cave, lemuel_mausoleum_altar_kikubaaqudgha,
          minmay_temple_entry_offerings
D:5:      layout_basic, jmf_multi_god_temple2, st_stairs_12
D:6:      layout_rooms, nicolae_overflow_crystal_walls
D:7:      layout_layer_cave, uniq_menkaure, uniq_pikel
D:8:      layout_rooms, mainiacjoe_overflow_large_starburst, david_lair_shrubbed
Temple:   cyrus_circular_temple

Skill      XL: |  1  2  3  4  5  6  7  8  9 10 |
---------------+-------------------------------+-----
Earth Magic    | 3 4 5 6 8 9 10 | 10.5
Spellcasting   | 2 3 5 6 7 8 |  8.8
Conjurations   | 4 7 9 |  9.6
Fighting       | |  1.3
Throwing       | |  1.2
Dodging        | |  1.2
Stealth        | |  1.0
Shields        | |  2.4
Invocations    | |  1.2

Action                     |  1- 3 |  4- 6 |  7- 9 | 10-12 || total
---------------------------+-------+-------+-------+-------++-------
  Melee: Dagger            |    16 |     6 |    10 |       ||    32
   Fire: Sling             |       |       |    85 |    83 ||   168
   Cast: Sandblast         |    29 |    25 |   104 |       ||   158
         Stone Arrow       |       |       |     7 |     9 ||    16
         Lee's Rapid Decon |       |       |       |     4 ||     4
         Passwall          |       |       |       |     1 ||     1
    Use: Scroll            |       |       |    11 |       ||    11
 Armour: Robe              |     8 |     1 |    19 |    12 ||    40
  Dodge: Dodged            |    11 |     6 |    39 |    32 ||    88
  Block: Buckler           |     3 |     1 |    19 |    11 ||    34

Table legend: (Time is in decaauts)
 A = Elapsed time spent in this place.
 B = Non-inter-level travel time spent in this place.
 C = Inter-level travel time spent in this place.
 D = Time resting spent in this place.
 E = Time spent auto-exploring this place.
 F = Levels seen in this place.
 G = Mean time per level.
                   A        B        C        D        E       F      G
               +--------+--------+--------+--------+--------+-----+--------+
         Total |   3857 |   3759 |     98 |      2 |   2664 |   9 |  428.6 |
       Dungeon |   3777 |   3688 |     89 |      2 |   2626 |   8 |  472.1 |
        Temple |     80 |     71 |      9 |      0 |     38 |   1 |   80.0 |
               +--------+--------+--------+--------+--------+-----+--------+

Top non-repeatable levels by time:
     D:4: 889 daAuts
     D:2: 517 daAuts
     D:6: 504 daAuts
     D:5: 489 daAuts
     D:1: 432 daAuts
     D:7: 410 daAuts
     D:3: 281 daAuts
     D:8: 253 daAuts
  Temple: 80 daAuts
